Workbook

Sheet Synthèse compte
A1: Synthèse
A2: Dépenses | B2: Ludo | C2: Val | D2: Commun
A3: Gains | B3: =SUM(B9) -> 1606.0606
A4: Balance
A6: Synthèse mensuelle
B7: Ludo | C7: Val | D7: Commun
A8: Dépenses | B8: =Nov!E4 -> 150 | C8: =Nov!F4 -> 50 | D8: =Nov!G4 -> 350 | E8: =SUM(B8:D8) -> 550
A9: Gains | B9: =Salaires!$C$26 -> 1606.0606 | C9: =Salaires!D26 -> 1793.9394 | D9: =Salaires!C25:D25 -> 1306.0606 | E9: =SUM(B9:D9) -> 4706.0606
A10: Balance | B10: =B9-B8 -> 1456.0606 | C10: =C9-C8 -> 1743.9394 | D10: =D9-D8 -> 956.06061
A11: Théorique compte | B11: =SUM(B10:D10) -> 4156.0606
A12: Réel compte
B18: fonction de report automatqiue vers une cellule

Sheet Salaires
A1: Salaires
A2: NOVEMBRE | E2: Décembre
C3: Ludo | D3: Val | G3: Ludo | H3: Val
A4: SEM 1 | B4: Salaire | C4: 400 | D4: 600 | E4: SEM 1 | F4: Salaire | G4: 300 | H4: 700
B5: % commun | C5: =C4/(C4+D4) -> 0.4 | D5: =D4/(D4+C4) -> 0.6 | F5: % commun | G5: =G4/(G4+H4) -> 0.3 | H5: =H4/(H4+G4) -> 0.7
A6: 28/10 au 3/11 | B6: $ commun | C6: =A7*C5 -> 200 | D6: =A7*D5 -> 300 | E6: 28/10 au 3/11 | F6: $ commun | G6: =E7*G5 -> 150 | H6: =E7*H5 -> 350
A7: 500 | B7: $ Perso | C7: =C4-C6 -> 200 | D7: =D4-D6 -> 300 | E7: 500 | F7: $ Perso | G7: =G4-G6 -> 150 | H7: =H4-H6 -> 350
A8: SEM 2 | B8: Salaire | C8: 500 | D8: 700 | E8: SEM 2 | F8: Salaire | G8: 800 | H8: 650
B9: % commun | C9: =C8/(C8+D8) -> 0.41666667 | D9: =D8/(D8+C8) -> 0.58333333 | F9: % commun | G9: =G8/(G8+H8) -> 0.55172414 | H9: =H8/(H8+G8) -> 0.44827586
A10: 4/11 au 10/11 | B10: $ commun | C10: =A11*C9 -> 166.66667 | D10: =A11*D9 -> 233.33333 | E10: 4/11 au 10/11 | F10: $ commun | G10: =E11*G9 -> 220.68966 | H10: =E11*H9 -> 179.31034
A11: 400 | B11: $ Perso | C11: =C8-C10 -> 333.33333 | D11: =D8-D10 -> 466.66667 | E11: 400 | F11: $ Perso | G11: =G8-G10 -> 579.31034 | H11: =H8-H10 -> 470.68966
A12: SEM 3 | B12: Salaire | C12: 600 | D12: 500 | E12: SEM 3 | F12: Salaire | G12: 500 | H12: 450
B13: % commun | C13: =C12/(C12+D12) -> 0.54545455 | D13: =D12/(D12+C12) -> 0.45454545 | F13: % commun | G13: =G12/(G12+H12) -> 0.52631579 | H13: =H12/(H12+G12) -> 0.47368421
A14: 11 au 17/11 | B14: $ commun | C14: =A15*C13 -> 327.27273 | D14: =A15*D13 -> 272.72727 | E14: 11 au 17/11 | F14: $ commun | G14: =E15*G13 -> 315.78947 | H14: =E15*H13 -> 284.21053
A15: 600 | B15: $ Perso | C15: =C12-C14 -> 272.72727 | D15: =D12-D14 -> 227.27273 | E15: 600 | F15: $ Perso | G15: =G12-G14 -> 184.21053 | H15: =H12-H14 -> 165.78947
A16: SEM 4 | B16: Salaire | C16: 700 | D16: 700 | E16: SEM 4 | F16: Salaire | G16: 400 | H16: 6
B17: % commun | C17: =C16/(C16+D16) -> 0.5 | D17: =D16/(D16+C16) -> 0.5 | F17: % commun | G17: =G16/(G16+H16) -> 0.98522167 | H17: =H16/(H16+G16) -> 0.014778325
A18: 18 au 24/11 | B18: $ commun | C18: =A19*C17 -> 300 | D18: =A19*D17 -> 300 | E18: 18 au 24/11 | F18: $ commun | G18: =E19*G17 -> 591.133 | H18: =E19*H17 -> 8.8669951
A19: 600 | B19: $ Perso | C19: =C16-C18 -> 400 | D19: =D16-D18 -> 400 | E19: 600 | F19: $ Perso | G19: =G16-G18 -> -191.133 | H19: =H16-H18 -> -2.8669951
A20: SEM 5 | B20: Salaire | C20: 600 | D20: 600 | E20: SEM 5 | F20: Salaire | G20: 500 | H20: 600
B21: % commun | C21: =C20/(C20+D20) -> 0.5 | D21: =D20/(D20+C20) -> 0.5 | F21: % commun | G21: =G20/(G20+H20) -> 0.45454545 | H21: =H20/(H20+G20) -> 0.54545455
A22: 25/11 au 1/12 | B22: $ commun | C22: =A23*C21 -> 200 | D22: =A23*D21 -> 200 | E22: 25/11 au 1/12 | F22: $ commun | G22: =E23*G21 -> 181.81818 | H22: =E23*H21 -> 218.18182
A23: 400 | B23: $ Perso | C23: =C20-C22 -> 400 | D23: =D20-D22 -> 400 | E23: 400 | F23: $ Perso | G23: =G20-G22 -> 318.18182 | H23: =H20-H22 -> 381.81818
A24: Resume | B24: Salaire | C24: =SUM(C20,C16,C12,C8,C4) -> 2800 | D24: =SUM(D20,D16,D12,D8,D4) -> 3100 | E24: Resume | F24: Salaire | G24: =SUM(G20,G16,G12,G8,G4) -> 2500 | H24: =SUM(H20,H16,H12,H8,H4) -> 2406
B25: $ commun | C25: =SUM(C22,C18,C14,C10,C6) -> 1193.9394 | D25: =SUM(D22,D18,D14,D10,D6) -> 1306.0606 | F25: $ commun | G25: =SUM(G22,G18,G14,G10,G6) -> 1459.4303 | H25: =SUM(H22,H18,H14,H10,H6) -> 1040.5697
B26: $ Perso | C26: =SUM(C23,C19,C15,C11,C7) -> 1606.0606 | D26: =SUM(D23,D19,D15,D11,D7) -> 1793.9394 | F26: $ Perso | G26: =SUM(G23,G19,G15,G11,G7) -> 1040.5697 | H26: =SUM(H23,H19,H15,H11,H7) -> 1365.4303

Sheet Nov
A1: Dépenses
A2: Novembre
B3: Dépense | C3: Resp | D3: Montant | E3: Ludo | F3: Val | G3: Commun
B4: tour moto | C4: Ludo | D4: 100 | E4: =SUMIF($C$4:$C$13,E3,$D$4:$D$13) -> 150 | F4: =SUMIF($C$4:$C$13,F3,$D$4:$D$13) -> 50 | G4: =SUMIF($C$4:$C$13,G3,$D$4:$D$13) -> 350
B5: loyer | C5: Commun | D5: 250
B6: voiture | C6: Commun | D6: 100
B7: bars | C7: Val | D7: 30
B8: bars encore | C8: Val | D8: 20
C9: Ludo | D9: 50

Sheet Dec
A1: Dépenses
A2: Décembre
B3: Dépense | C3: Resp | D3: Montant | E3: Ludo | F3: Val | G3: Commun
B4: baleine | C4: commun | D4: 200 | E4: =SUMIF($C$4:$C$13,E3,$D$4:$D$13) -> 270 | F4: =SUMIF($C$4:$C$13,F3,$D$4:$D$13) -> 50 | G4: =SUMIF($C$4:$C$13,G3,$D$4:$D$13) -> 335
B5: bateau | C5: Ludo | D5: 250
B6: esence | C6: val | D6: 50
B7: restau | C7: commun | D7: 75
B8: bar | C8: commun | D8: 60
B9: mireille | C9: Ludo | D9: 20

Sheet Feuil1
